 Dungeon Crawl Stone Soup version 0.22.1-6-g1668fe2 (webtiles) character file.

24657 havocjr2 the Nimble (level 13, -9/90 HPs)
             Began as a Gnoll Gladiator on Jan 16, 2019.
             Was a Priest of Sif Muna.
             Mangled by a titanic slime creature (47 damage)
             ... on level 14 of the Dungeon on Jan 26, 2019.
             The game lasted 02:30:39 (14537 turns).

havocjr2 the Nimble (Gnoll Gladiator)              Turns: 14537, Time: 02:30:39

Health: -9/90      AC: 21    Str: 18    XL:     13   Next: 14%
Magic:  21/24      EV: 19    Int: 12    God:    Sif Muna [***...]
Gold:   1128       SH: 11    Dex: 19    Spells: 24/27 levels left

rFire    + . .     SeeInvis .   C - +9 long sword (vamp)
rCold    . . .     Gourm    +   l - +0 shield
rNeg     . . .     Faith    .   q - +6 scale mail {rF+}
rPois    .         Spirit   .   t - +2 helmet
rElec    .         Reflect  .   T - scarf {repulsion}
rCorr    .         Harm     .   (no gloves)
MR       .....                  a - +0 pair of boots
Stlth    +++.......             w - amulet of the gourmand
HPRegen  0.25/turn              W - +3 ring of protection
MPRegen  0.19/turn              X - +3 ring of evasion

@: repel missiles
A: distributed training, fangs 1, frail 1, strong nose
a: Divine Energy, Channel Magic, Renounce Religion


You were on level 14 of the Dungeon.
You worshipped Sif Muna.
Sif Muna was most pleased with you.
You were completely stuffed.

You visited 2 branches of the dungeon, and saw 15 of its levels.

You collected 1128 gold pieces.

Inventory:

Hand Weapons
 k - a +0 mace
 y - a +0 shortbow
 B - the cursed +1 war axe "Jabyporgh" {speed, +Rage Str+2, unknown}
   (You found it on level 10 of the Dungeon)

   Attacks with this weapon are significantly faster.
   It affects your strength (+2).
   It lets you go berserk.
   It has a curse placed upon it.
 C - a +9 vampiric long sword (weapon)
Missiles
 d - 5 throwing nets
 z - 260 arrows
 M - 8 tomahawks (quivered)
Armour
 a - a +0 pair of boots (worn)
 l - a +0 shield (worn)
 q - a +6 scale mail of fire resistance (worn)
 s - the +6 scale mail of Kopioca {*Drain rCorr Str+5 Dex+3, unknown}
   (You found it on level 10 of the Dungeon)

   It affects your strength (+5).
   It affects your dexterity (+3).
   It provides partial protection from all sources of acid and corrosion.
   It causes draining when unequipped.
 t - a +2 helmet (worn)
 T - a scarf of repulsion (worn)
Magical Staves
 I - an uncursed staff of wizardry
Jewellery
 g - an uncursed ring of positive energy
 m - an uncursed amulet of the acrobat
 n - an uncursed amulet of faith
 w - an amulet of the gourmand (around neck)
 A - an uncursed amulet of regeneration
 H - an uncursed ring of see invisible
 W - a +3 ring of protection (left hand)
 X - a +3 ring of evasion (right hand)
 Y - an uncursed ring of protection from magic
Wands
 r - a wand of random effects (95)
 L - a wand of clouds (4)
 Q - a wand of flame (46)
 S - a wand of iceblast (9)
Scrolls
 c - 4 scrolls of teleportation
 i - 7 scrolls of remove curse
 x - a scroll of immolation
 J - 3 scrolls of amnesia
 N - a scroll of magic mapping
 U - a scroll of fear
 V - a scroll of torment {unknown}
 Z - a scroll of enchant weapon
Potions
 e - 5 potions of ambrosia
 h - a potion of haste
 p - 7 potions of flight
 u - 2 potions of agility
 v - 2 potions of lignification
 D - 3 potions of magic
 E - 2 potions of brilliance
 F - 2 potions of curing
 G - a potion of might
 K - 3 potions of cancellation {unknown}
 P - a potion of resistance
 R - a potion of degeneration {unknown}
Comestibles
 b - 2 chunks of flesh
 f - 28 rations


   Skills:
 + Level 9.2 Fighting
 + Level 7.9 Short Blades
 + Level 10.2 Long Blades
 + Level 7.9 Axes
 + Level 7.9 Maces & Flails
 + Level 7.9 Polearms
 + Level 7.9 Staves
 + Level 7.9 Slings
 + Level 7.9 Bows
 + Level 7.9 Crossbows
 + Level 9.2 Throwing
 + Level 7.9 Armour
 + Level 10.2 Dodging
 + Level 7.9 Stealth
 + Level 7.9 Shields
 + Level 7.9 Unarmed Combat
 + Level 7.9 Spellcasting
 + Level 6.5 Conjurations
 + Level 6.5 Hexes
 + Level 6.5 Charms
 + Level 6.5 Summonings
 + Level 6.5 Necromancy
 + Level 6.5 Translocations
 + Level 6.5 Transmutations
 + Level 6.5 Fire Magic
 + Level 6.5 Ice Magic
 + Level 6.5 Air Magic
 + Level 6.5 Earth Magic
 + Level 6.5 Poison Magic
 + Level 8.6 Invocations
 + Level 7.9 Evocations


You had 24 spell levels left.
You knew the following spells:

 Your Spells              Type           Power        Failure   Level  Hunger
a - Animate Skeleton      Necr           N/A          7%          1    None
b - Summon Small Mammal   Summ           ###.         7%          1    None
c - Shock                 Conj/Air       ###.         7%          1    None

Your spell library contained the following spells:

 Spells                   Type           Power        Failure   Level  Hunger
 Apportation              Tloc           ###...       7%          1    None
 Beastly Appendage        Tmut           ###...       7%          1    None
 Confusing Touch          Hex            ###...       7%          1    None
 Corona                   Hex            ###....      7%          1    None
 Ensorcelled Hibernation  Hex/Ice        ###...       11%         2    #......
 Slow                     Hex            ###.....     11%         2    #......
 Sticks to Snakes         Tmut           ###.....     11%         2    #......
 Swiftness                Chrm/Air       ###.....     11%         2    #......
 Ignite Poison            Fire/Tmut/Pois ###.....     21%         3    ##.....
 Inner Flame              Hex/Fire       ###.....     21%         3    ##.....
 Portal Projectile        Hex/Tloc       ###...       21%         3    ##.....
 Spider Form              Tmut/Pois      ###.......   21%         3    ##.....
 Static Discharge         Conj/Air       ###.....     21%         3    ##.....
 Airstrike                Air            ###.......   56%         4    ####...
 Cause Fear               Hex            ###.......   56%         4    ####...
 Ice Form                 Ice/Tmut       ###.....     56%         4    ####...
 Leda's Liquefaction      Hex/Erth       ###.......   56%         4    ####...
 Blade Hands              Tmut           ###.......   88%         5    ######.
 Borgnjor's Vile Clutch   Necr/Erth      ###.......   88%         5    ######.
 Fireball                 Conj/Fire      ###.......   88%         5    ######.
 Lightning Bolt           Conj/Air       ###.......   88%         5    ######.
 Silence                  Hex/Air        ###.......   88%         5    ######.
 Bolt of Fire             Conj/Fire      ###.......   100%        6    #######
 Darkness                 Hex            ###.......   100%        6    #######
 Shadow Creatures         Summ           N/A          100%        6    #######
 Ring of Flames           Chrm/Fire      ###.......   100%        7    #######
 Ignition                 Fire           ###.......   100%        8    #######


Dungeon Overview and Level Annotations

Branches:
Dungeon (14/15)            Temple (1/1) D:5            Lair (0/6) D:11
    Orc (0/2) D:10
 Vaults: D:13-14

Altars:
Ashenzari
Cheibriados
Dithmenos
Elyvilon
Fedhas
Gozag
Hepliaklqana
Kikubaaqudgha
Makhleb
Nemelex Xobeh
Okawaru
Qazlal
Ru
Sif Muna
Trog
Uskayaw
Vehumet
Wu Jian
Xom
Yredelemnul
Zin
The Shining One

Annotations:
D:3 1 runed door, Barsley's ghost, weakling SpEn


Innate Abilities, Weirdness & Mutations

Your experience applies equally to all skills.
You have very sharp teeth.
Your uncanny sense of smell can sniff out nearby items.
You are frail. (-10% HP)


Message History

The titanic slime creature misses you.
You slash the titanic slime creature!
You feel better.
Your bite misses the titanic slime creature.
The titanic slime creature is heavily wounded.
The titanic slime creature barely misses you.
You slash the titanic slime creature!
The titanic slime creature is heavily wounded.
The titanic slime creature hits you!!!
Ouch! That really hurt!
You slash the titanic slime creature!
The titanic slime creature is severely wounded.
You block the titanic slime creature's attack.
You hit the titanic slime creature.
You feel better.
The titanic slime creature is severely wounded.
You block the titanic slime creature's attack.
You slash the titanic slime creature!
You feel better.
The titanic slime creature is severely wounded.
The titanic slime creature hits you!!!
Ouch! That really hurt!
You die...

#.#.#......#.#.#
#.#.#....###.#.#.#..
#.#.#....# #.#.#.#.
#.#.#....###.#.#.#.
#.#.#........#.#..
#.#.#..#.#####.#..
#.#.#..........#Z#
#.#.##.#......<#J#
.......#########@#
#.#.<............#
##################


You could see a titanic slime creature and a wolf spider simulacrum.

Vanquished Creatures
  Harold (D:8)
  2 hydras (D:11)
  A catoblepas (D:14)
  2 centaur warriors
  3 tengu warriors (D:13)
  2 skeletal warriors
  An unseen horror (D:13)
  3 ugly things
  2 cyclopes
  3 manticores
  An elephant (D:11)
  A centaur skeleton (D:11)
  2 kobold demonologists
  4 trolls
  3 meliai (D:13)
  A hornet (D:9)
  A queen bee (D:13)
  6 hippogriffs
  Sigmund (D:2)
  3 wyverns
  10 yaks
  A basilisk (D:11)
  A hungry ghost (D:8)
  A steam dragon (D:11)
  A vampire mosquito (D:12)
  2 insubstantial wisps (D:12)
  2 soldier ants (D:12)
  A water moccasin (D:11)
  An ice beast (D:6)
  A black bear (D:8)
  An eye of draining (D:10)
  5 orc warriors
  8 ogres
  2 necrophages
  3 centaurs
  3 phantoms
  3 big kobolds
  8 bullfrogs
  A wyvern skeleton (D:13)
  3 scorpions
  A water moccasin skeleton (D:7)
  22 killer bees (D:13)
  17 wights
  2 electric eels (D:10)
  7 howler monkeys
  A centaur zombie (D:5)
  3 crimson imps
  A quasit (D:5)
  A bullfrog zombie (D:8)
  8 hounds
  8 jellies
  7 orc priests
  Crazy Yiuf (D:3)
  A bullfrog skeleton (D:10)
  13 orc wizards
  Natasha (D:3)
  Terence (D:2)
  2 iguanas
  7 worker ants
  A hound zombie (D:10)
  Robin (D:2)
  4 gnolls (D:4)
  A howler monkey skeleton (D:10)
  14 adders
  A shadow imp (D:7)
  6 oozes
  2 adder skeletons
  An adder zombie (D:9)
  6 worms
  3 dart slugs
  10 leopard geckos
  48 orcs
  3 ball pythons
  9 bats
  5 giant cockroaches
  11 hobgoblins
  2 jackals (D:3)
  19 kobolds
  5 quokkas
  2 frilled lizards
  14 goblins
  A leopard gecko skeleton (D:6)
  A quokka skeleton (D:5)
  A quokka zombie (D:4)
  4 rats
  A plant (D:12)
381 creatures vanquished.

Vanquished Creatures (collateral kills)
  A basilisk (D:11)
  5 orcs (D:10)
  3 kobolds
  A fungus (D:11)
10 creatures vanquished.

Vanquished Creatures (others)
  A fungus (D:11)
  2 plants (D:11)
3 creatures vanquished.

Grand Total: 394 creatures vanquished

Notes
Turn   | Place    | Note
-------+----------+-------------------------------------------
     0 | D:1      | havocjr2 the Gnoll Gladiator began the quest for the Orb.
     0 | D:1      | Reached XP level 1. HP: 20/20 MP: 1/1
   180 | D:1      | Reached XP level 2. HP: 26/26 MP: 2/2
   552 | D:2      | Reached XP level 3. HP: 26/31 MP: 3/3
   565 | D:2      | Noticed Terence
   584 | D:2      | Killed Terence
   584 | D:2      | Reached skill level 1 in Invocations
   621 | D:2      | Reached skill level 1 in Short Blades
   621 | D:2      | Reached skill level 1 in Axes
   621 | D:2      | Reached skill level 1 in Maces & Flails
   621 | D:2      | Reached skill level 1 in Polearms
   621 | D:2      | Reached skill level 1 in Staves
   621 | D:2      | Reached skill level 1 in Slings
   621 | D:2      | Reached skill level 1 in Bows
   621 | D:2      | Reached skill level 1 in Crossbows
   621 | D:2      | Reached skill level 1 in Armour
   621 | D:2      | Reached skill level 1 in Stealth
   621 | D:2      | Reached skill level 1 in Shields
   621 | D:2      | Reached skill level 1 in Unarmed Combat
   621 | D:2      | Reached skill level 1 in Spellcasting
   621 | D:2      | Reached skill level 1 in Evocations
   707 | D:2      | Noticed Robin
   712 | D:2      | Killed Robin
   712 | D:2      | Reached XP level 4. HP: 27/38 MP: 5/5
   913 | D:2      | Reached skill level 1 in Conjurations
   913 | D:2      | Reached skill level 1 in Hexes
   913 | D:2      | Reached skill level 1 in Charms
   913 | D:2      | Reached skill level 1 in Summonings
   913 | D:2      | Reached skill level 1 in Necromancy
   913 | D:2      | Reached skill level 1 in Translocations
   913 | D:2      | Reached skill level 1 in Transmutations
   913 | D:2      | Reached skill level 1 in Fire Magic
   913 | D:2      | Reached skill level 1 in Ice Magic
   913 | D:2      | Reached skill level 1 in Air Magic
   913 | D:2      | Reached skill level 1 in Earth Magic
   913 | D:2      | Reached skill level 1 in Poison Magic
  1044 | D:2      | Noticed Sigmund
  1103 | D:2      | Killed Sigmund
  1103 | D:2      | Reached XP level 5. HP: 39/43 MP: 5/7
  1103 | D:2      | Reached XP level 6. HP: 45/50 MP: 5/8
  1509 | D:3      | Reached skill level 5 in Fighting
  1509 | D:3      | Reached skill level 5 in Throwing
  1622 | D:3      | Found a runed door.
  1627 | D:3      | Noticed Barsley's ghost (weakling SpEn)
  2367 | D:3      | Noticed Natasha
  2370 | D:3      | Killed Natasha
  2498 | D:3      | Found a runed door.
  2503 | D:3      | Noticed Crazy Yiuf
  2513 | D:3      | Killed Crazy Yiuf
  2513 | D:3      | Reached XP level 7. HP: 51/56 MP: 10/10
  2966 | D:4      | HP: 2/56 [ogre/giant spiked club (26)]
  3753 | D:5      | Entered Level 5 of the Dungeon
  3806 | D:5      | Reached XP level 8. HP: 63/63 MP: 12/12
  3900 | D:5      | Found a staircase to the Ecumenical Temple.
  3969 | Temple   | Entered the Ecumenical Temple
  4215 | Temple   | Became a worshipper of Sif Muna the Loreminder
  5170 | D:6      | Reached * piety under Sif Muna
  5183 | D:6      | Reached XP level 9. HP: 68/68 MP: 14/14
  6584 | D:7      | Found a shadowy altar of Dithmenos.
  6756 | D:7      | Learned a level 1 spell: Animate Skeleton
  6758 | D:7      | Learned a level 1 spell: Summon Small Mammal
  7183 | D:8      | Noticed Harold
  7211 | D:8      | Killed Harold
  7211 | D:8      | Reached ** piety under Sif Muna
  7211 | D:8      | Reached skill level 5 in Invocations
  7211 | D:8      | Reached XP level 10. HP: 73/76 MP: 15/17
  7257 | D:8      | Noticed a manticore
  7414 | D:8      | Killed a manticore
  7616 | D:8      | Reached skill level 5 in Short Blades
  7616 | D:8      | Reached skill level 5 in Axes
  7616 | D:8      | Reached skill level 5 in Maces & Flails
  7616 | D:8      | Reached skill level 5 in Polearms
  7616 | D:8      | Reached skill level 5 in Staves
  7616 | D:8      | Reached skill level 5 in Slings
  7616 | D:8      | Reached skill level 5 in Bows
  7616 | D:8      | Reached skill level 5 in Crossbows
  7616 | D:8      | Reached skill level 5 in Armour
  7616 | D:8      | Reached skill level 5 in Stealth
  7616 | D:8      | Reached skill level 5 in Shields
  7616 | D:8      | Reached skill level 5 in Unarmed Combat
  7616 | D:8      | Reached skill level 5 in Spellcasting
  7616 | D:8      | Reached skill level 5 in Evocations
  8438 | D:9      | Noticed a manticore
  8458 | D:9      | Killed a manticore
  8990 | D:10     | Entered Level 10 of the Dungeon
  9021 | D:10     | Got a slimy scale mail
  9317 | D:10     | Got a smoking war axe
  9690 | D:10     | Reached XP level 11. HP: 75/83 MP: 17/19
  9738 | D:10     | Found a staircase to the Orcish Mines.
 10000 | D:10     | Found a sacrificial altar of Ru.
 10382 | D:11     | Reached *** piety under Sif Muna
 10457 | D:11     | Noticed a manticore
 10471 | D:11     | Noticed an eight-headed hydra
 10472 | D:11     | Noticed a six-headed hydra
 10480 | D:11     | Killed a manticore
 10483 | D:11     | Killed an eight-headed hydra
 10483 | D:11     | Killed a six-headed hydra
 10483 | D:11     | Reached skill level 5 in Conjurations
 10483 | D:11     | Reached skill level 5 in Hexes
 10483 | D:11     | Reached skill level 5 in Charms
 10483 | D:11     | Reached skill level 5 in Summonings
 10483 | D:11     | Reached skill level 5 in Necromancy
 10483 | D:11     | Reached skill level 5 in Translocations
 10483 | D:11     | Reached skill level 5 in Transmutations
 10483 | D:11     | Reached skill level 5 in Fire Magic
 10483 | D:11     | Reached skill level 5 in Ice Magic
 10483 | D:11     | Reached skill level 5 in Air Magic
 10483 | D:11     | Reached skill level 5 in Earth Magic
 10483 | D:11     | Reached skill level 5 in Poison Magic
 10985 | D:11     | Noticed a cyan ugly thing
 10999 | D:11     | Killed a cyan ugly thing
 11041 | D:11     | Found a staircase to the Lair.
 11548 | D:12     | Noticed a cyclops
 11561 | D:12     | Gained mutation: You are frail. (-10% HP) [a neqoxec]
 11575 | D:12     | Killed a cyclops
 11575 | D:12     | Reached XP level 12. HP: 82/82 MP: 22/22
 11637 | D:12     | Identified a scroll of acquirement
 11648 | D:12     | Reached **** piety under Sif Muna
 12096 | D:12     | Learned a level 1 spell: Shock
 12441 | D:13     | Noticed a tengu warrior
 12444 | D:13     | Noticed a tengu warrior
 12457 | D:13     | Killed a tengu warrior
 12625 | D:13     | Killed a tengu warrior
 12916 | D:13     | Noticed a seven-headed hydra
 13220 | D:13     | Noticed a centaur warrior
 13244 | D:13     | Killed a centaur warrior
 13301 | D:13     | Noticed a tengu warrior
 13325 | D:13     | Killed a tengu warrior
 13325 | D:13     | Reached skill level 10 in Long Blades
 13325 | D:13     | Reached skill level 10 in Dodging
 13966 | D:13     | Reached ***** piety under Sif Muna
 13966 | D:13     | Reached XP level 13. HP: 90/90 MP: 24/24
 14125 | D:14     | Received a gift from Sif Muna
 14537 | D:14     | Mangled by a titanic slime creature

Skill      XL: |  1  2  3  4  5  6  7  8  9 10 11 12 |
---------------+-------------------------------------+-----
Invocations    | 1 2 3 4 5 6 7 8 |  8.6
Short Blades   | 1 2 3 4 5 6 7 |  7.9
Axes           | 1 2 3 4 5 6 7 |  7.9
Maces & Flails | 1 2 3 4 5 6 7 |  7.9
Polearms       | 1 2 3 4 5 6 7 |  7.9
Staves         | 1 2 3 4 5 6 7 |  7.9
Slings         | 1 2 3 4 5 6 7 |  7.9
Bows           | 1 2 3 4 5 6 7 |  7.9
Crossbows      | 1 2 3 4 5 6 7 |  7.9
Armour         | 1 2 3 4 5 6 7 |  7.9
Stealth        | 1 2 3 4 5 6 7 |  7.9
Shields        | 1 2 3 4 5 6 7 |  7.9
Unarmed Combat | 1 2 3 4 5 6 7 |  7.9
Spellcasting   | 1 2 3 4 5 6 7 |  7.9
Evocations     | 1 2 3 4 5 6 7 |  7.9
Conjurations   | 1 2 3 4 5 6 |  6.5
Hexes          | 1 2 3 4 5 6 |  6.5
Charms         | 1 2 3 4 5 6 |  6.5
Summonings     | 1 2 3 4 5 6 |  6.5
Necromancy     | 1 2 3 4 5 6 |  6.5
Translocations | 1 2 3 4 5 6 |  6.5
Transmutations | 1 2 3 4 5 6 |  6.5
Fire Magic     | 1 2 3 4 5 6 |  6.5
Ice Magic      | 1 2 3 4 5 6 |  6.5
Air Magic      | 1 2 3 4 5 6 |  6.5
Earth Magic    | 1 2 3 4 5 6 |  6.5
Poison Magic   | 1 2 3 4 5 6 |  6.5
Fighting       | 5 6 7 8 9 |  9.2
Throwing       | 5 6 7 8 9 |  9.2
Long Blades    | 7 8 9 10 | 10.2
Dodging        | 7 8 9 10 | 10.2

Action                   |  1- 3 |  4- 6 |  7- 9 | 10-12 | 13-15 || total
-------------------------+-------+-------+-------+-------+-------++-------
Melee: Long sword        |    51 |   140 |   123 |   543 |    94 ||   951
       Bite              |    10 |    17 |    77 |   134 |    16 ||   254
       Punch             |       |     2 |    10 |     6 |       ||    18
       Hand axe          |       |     9 |     4 |       |       ||    13
       Falchion          |       |       |   256 |   127 |       ||   383
       Mace              |       |       |       |     6 |       ||     6
Throw: Stone             |     1 |    65 |   180 |   115 |       ||   361
       Tomahawk          |       |       |       |    84 |       ||    84
       Throwing net      |       |       |       |     1 |       ||     1
 Cast: Animate Skeleton  |       |       |       |    24 |       ||    24
       Summon Small Mamm |       |       |       |    10 |       ||    10
       Shock             |       |       |       |    24 |     7 ||    31
  Use: Scroll            |       |    10 |     4 |    23 |       ||    37
       Potion            |       |     1 |     1 |     1 |     2 ||     5
 Stab: Sleeping          |     1 |       |       |     3 |       ||     4
       Distracted        |       |       |       |     3 |       ||     3
  Eat: Chunk             |       |     5 |    29 |    33 |    14 ||    81
       Ration            |       |       |     1 |     2 |       ||     3
Armor: Leather armour    |     3 |       |       |       |       ||     3
       Ring mail         |     5 |       |       |       |       ||     5
       Scale mail        |     1 |    46 |   118 |   238 |    37 ||   440
Dodge: Dodged            |    31 |   108 |   234 |   474 |    42 ||   889
       Deflected         |       |       |       |     7 |       ||     7
Block: Shield            |       |       |       |   273 |    39 ||   312
       Rpst.: Long sword |    10 |    25 |    21 |   107 |     8 ||   171
       Falchion          |       |       |    48 |    25 |       ||    73
